 Dungeon Crawl Stone Soup version 0.24.1-4-ge52af88ad5 (webtiles) character file.

Game seed: 17573804163152752728, levelgen mode: deterministic

246 Nixze the Chiller (level 5, 0/41 HPs)
             Began as a Draconian Ice Elementalist on Apr 21, 2020.
             Slain by an orc wizard
             ... wielding a cursed -2 dagger
              (1 damage)
             ... on level 3 of the Dungeon.
             The game lasted 00:06:28 (2874 turns).

Nixze the Chiller (Draconian Ice Elementalist)      Turns: 2874, Time: 00:06:29

Health: 0/41       AC:  5    Str: 10    XL:     5   Next: 84%
Magic:  0/9        EV: 13    Int: 17    God:
Gold:   104        SH:  0    Dex: 11    Spells: 3/9 levels left

rFire    . . .     SeeInvis .   f - +4 short sword (elec)
rCold    . . .     Gourm    .   (no shield)
rNeg     . . .     Faith    .   (armour unavailable)
rPois    .         Spirit   .   (helmet restricted)
rElec    .         Reflect  .   (no cloak)
rCorr    .         Harm     .   (no gloves)
MR       .....                  (no boots)
Stlth    ++........             d - amulet of inaccuracy (curse)
HPRegen  0.13/turn              (no ring)
MPRegen  0.11/turn              (no ring)

@: no status effects
A: unfitting armour, cold-blooded, AC +5
a: no special abilities


You were on level 3 of the Dungeon.
You were very hungry.

You visited 1 branch of the dungeon, and saw 3 of its levels.

You collected 104 gold pieces.

Inventory:

Hand Weapons
 f - a +4 short sword of electrocution (weapon)
Jewellery
 d - a cursed amulet of inaccuracy (around neck)
 j - an uncursed amulet of faith {unknown}
Scrolls
 g - a scroll of identify
 l - a scroll of immolation {unknown}
Potions
 a - 4 potions of curing {unknown}
 c - 2 potions of heal wounds {unknown}
 e - a potion of ambrosia
 h - 3 potions of brilliance {unknown}
 i - a potion of mutation {unknown}
 k - a potion of agility {unknown}
 m - a potion of degeneration {unknown}
Comestibles
 b - 6 rations


   Skills:
 + Level 2.3 Fighting
 + Level 2.8 Dodging
 - Level 1.7 Stealth
 + Level 2.9 Spellcasting
 + Level 2.0 Conjurations
 + Level 1.2 Charms
 * Level 4.3 Ice Magic


You had 3 spell levels left.
You knew the following spells:

 Your Spells              Type           Power        Failure   Level  Hunger
a - Freeze                Ice            ###.         3%          1    #......
b - Throw Frost           Conj/Ice       ##....       7%          2    ##.....
c - Ozocubu's Armour      Chrm/Ice       ##......     17%         3    ###....

Your spell library contained the following spells:

 Spells                   Type           Power        Failure   Level  Hunger
 Throw Icicle             Conj/Ice       ##......     43%         4    #####..
 Summon Ice Beast         Ice/Summ       #.......     58%         4    #####..


Dungeon Overview and Level Annotations

Branches:
Dungeon (3/15)

Altars:


Innate Abilities, Weirdness & Mutations

Your plain brown scales are hard. (AC +5)
You cannot fit into any form of body armour.
You are cold-blooded and may be slowed by cold attacks.


Message History

Casting: Freeze (safe; 3% risk of failure)
Confirm with . or Enter, or press ? or * to list all spells.
Aiming: Freeze (safe; 3% risk of failure)
Press: ? - help, Shift-Dir - straight line, f - orc wizard
Aim: an orc wizard, wielding a -2 dagger and wearing a +0 robe (fast)
You freeze the orc wizard.
The orc wizard is moderately wounded.
The orc wizard barely misses you.
Casting: Freeze (safe; 3% risk of failure)
Confirm with . or Enter, or press ? or * to list all spells.
Aiming: Freeze (safe; 3% risk of failure)
Press: ? - help, Shift-Dir - straight line, f/p - orc wizard
Aim: an orc wizard, wielding a -2 dagger and wearing a +0 robe (moderately wounded, fast)
You freeze the orc wizard.
The orc wizard is heavily wounded.
The orc wizard points at you and mumbles some strange words.
The magic dart hits you!
* * * LOW HITPOINT WARNING * * *
The orc wizard hits you with a cursed -2 dagger.
You die...

######### ## #........
..###### #.####### #.
#......# ####'### #..
#......#######......#
###..#.###.......##......#
........#...@...##......#
#.###..#.###o..##......#
#...#......#...........#
#..#.###..#.###..##.###
#......#......#..##.#
#.###..#.###..#..##.#
#...#..o...#.....##.#
#..#.###[.#.....##.#
##......#........##.#


You could see an orc wizard.

Vanquished Creatures
  A bullfrog (D:3)
  An orc priest (D:3)
  2 orc wizards (D:3)
  2 adders (D:2)
  An ooze (D:3)
  A worm (D:3)
  2 dart slugs
  2 leopard geckos (D:2)
  3 orcs (D:3)
  3 giant cockroaches
  9 goblins
  9 hobgoblins
  3 quokkas
  A ball python (D:1)
  7 bats
  4 frilled lizards
  9 kobolds
  6 rats
66 creatures vanquished.

Notes
Turn   | Place    | Note
-------+----------+-------------------------------------------
     0 | D:1      | Nixze the Draconian Ice Elementalist began the quest for
                  | the Orb.
     0 | D:1      | Reached XP level 1. HP: 14/14 MP: 3/3
   369 | D:1      | Reached XP level 2. HP: 22/22 MP: 5/5
   575 | D:1      | Reached skill level 1 in Fighting
   728 | D:1      | Learned a level 2 spell: Throw Frost
  1102 | D:2      | Reached XP level 3. HP: 28/28 MP: 3/6
  1487 | D:2      | Found a faded altar of an unknown god.
  1687 | D:2      | Learned a level 3 spell: Ozocubu's Armour
  2032 | D:3      | Reached XP level 4. HP: 34/35 MP: 4/7
  2225 | D:3      | Noticed a bullfrog
  2236 | D:3      | Killed a bullfrog
  2236 | D:3      | Reached skill level 4 in Ice Magic
  2236 | D:3      | Reached XP level 5. HP: 41/41 MP: 1/9
  2352 | D:3      | Reached skill level 1 in Charms
  2874 | D:3      | HP: 1/41 [orc wizard/magic dart (12)]
  2874 | D:3      | Slain by an orc wizard

Levels and vault maps discovered:
D:1:      dpeg_arrival_simpleton_c, layout_loops_ring, minmay_box_of_dots
D:2:      layout_rooms, chequers_ecumenical_altar_simple_redux
D:3:      layout_basic, hangedman_decor_points, small_statue_intersection,
          minmay_fractal_squares_5

Skill      XL: |  1  2  3  4  5 |
---------------+----------------+-----
Dodging        | 2 |  2.8
Fighting       | 1 2 |  2.3
Ice Magic      | 4 |  4.3
Charms         | 1 |  1.2
Conjurations   | 2 |  2.0
Stealth        | |  1.7
Spellcasting   | |  2.9

Action                   |  1- 3 |  4- 6 || total
-------------------------+-------+-------++-------
Melee: Short sword       |    20 |    18 ||    38
 Cast: Freeze            |    52 |    43 ||    95
       Throw Frost       |    13 |     5 ||    18
  Use: Scroll            |     7 |       ||     7
 Stab: Sleeping          |     1 |       ||     1
  Eat: Chunk             |     5 |     2 ||     7
Armor: Skin              |    17 |    20 ||    37
Dodge: Dodged            |    48 |    48 ||    96
